AoeStats
← lucien

Glade

510858108Analyzed
1v1 RM · 17h ago on Oct 2, 2026· 18m 33s· 2 players
Game mode
Random Map
Map size
Tiny (2 player)
Population
200
Speed
Normal
Resources
Standard
Victory
Conquest
Starting age
Dark Age
Ending age
Imperial Age
RankedLock teamsTeams togetherTeam positionsShared explorationLock speedFull tech treeHidden civsTurbo modeCheats
Victory
Defeat
🇬🇧 Bulgarians · United Kingdom
1091
+17
🇨🇿 Armenians · Czechia
1105
-17
Cutthroat Kevin
11:55 Feudal Age
14:56 Loom
18:00 Wheelbarrow
lucien
8:09 Loom
10:31 Feudal Age
10:35 Man-at-Arms
11:37 Arson
13:30 Long Swordsman
15:56 Double-Bit Axe
Connection lost

Rejoining the realm…

Still unreachable

The connection could not be restored.

Session expired

The server has moved on; the page needs a fresh start.